 Dungeon Crawl Stone Soup version 0.30.1-9-gdf580d7c3d (webtiles) character file.

Game seed: 6821455513120085487

121984 Chiseanne the Severer (level 16, -1/129 HPs)
             Began as a Demonspawn Wanderer on Oct 3, 2023.
             Was an Initiate of Gozag.
             Slain by a demonic crawler (12 damage)
             ... on level 1 of the Spider Nest.
             The game lasted 01:13:09 (26221 turns).

Chiseanne the Severer (Demonspawn Wanderer)        Turns: 26221, Time: 01:13:09

Health: -1/129     AC:  1    Str: 18    XL:     16   Next: 33%
Magic:  1/16       EV: 24    Int:  9    God:    Gozag
Gold:   762        SH: 21    Dex: 16    Spells: 15/15 levels left

rFire   + . .        a - +5 broad axe (venom)
rCold   + + +        R - +3 kite shield {AC+3}
rNeg    . . .        X - +4 skin of Zhor {*Englaciate rC+++ SInv}
rPois   +            n - +1 helmet
rElec   +            L - scarf {rC+ rF+}
rCorr   .            A - +1 pair of gloves {infuse}
SInv    +            N - +0 pair of boots
Will    +....        J - amulet "Eteemerr" {Reflect rElec rC+++ Int-4 Dex+5 SH+5}
Stlth   ++           e - +5 ring of evasion
HPRegen 0.41/turn    T - ring "Payhyeph" {rPois Dex-5 Slay+4 Stlth+}
MPRegen 0.30/turn

%: repel missiles, reflection, infuse magic (1 MP)
@: mighty, lethally poisoned (-1 -> -2), corroded, gold aura
A: repulsion field 3, spiny 3, magic regeneration, demonic touch 2
a: Renounce Religion, Potion Petition, Call Merchant, Bribe Branch


You were on level 1 of the Spider Nest.
You worshipped Gozag.
Gozag was pleased with you.
You visited 5 branches of the dungeon, and saw 24 of its levels.
You also visited: Ice Cave.

You collected 8582 gold pieces.
You spent 4062 gold pieces at shops.
You paid 3758 gold pieces to Gozag.

Inventory:

Hand Weapons
 a - a +5 broad axe of venom (weapon)
 c - a +0 broad axe of freezing
 q - the +6 dagger of Ceosiceg {freeze, +Blink Str+3}
   (You found it on level 1 of the Lair of Beasts)

   Str:       It affects your strength (+3).
   +Blink:    It lets you blink.
 s - a +3 scimitar of flaming
 w - a +5 sling
Missiles
 d - 12 boomerangs
 j - 45 poisoned darts (quivered)
 x - a throwing net
 H - 10 curare-tipped darts
 V - 3 boomerangs of dispersal
Armour
 n - a +1 helmet (worn)
 A - a +1 pair of gloves of infusion (worn)
 L - a scarf of resistance (worn)
 N - a +0 pair of boots (worn)
 R - a +3 kite shield of protection (worn)
 X - the +4 skin of Zhor (worn) {*Englaciate rC+++ SInv}
   (You bought it in a shop on level 15 of the Dungeon)

   *Englaciate: It radiates cold, occasionally slowing all nearby creatures who
   are not resistant to cold.
   rC:        It renders you almost immune to cold.
   SInv:      It lets you see invisible.
Jewellery
 e - a +5 ring of evasion (left hand)
 m - an amulet of regeneration
 J - the amulet "Eteemerr" (around neck) {Reflect rElec rC+++ Int-4 Dex+5 SH+5}
   (You bought it in a shop on level 4 of the Dungeon)

   [amulet of reflection]

   It reflects blocked missile attacks.
   Int:       It affects your intelligence (-4).
   Dex:       It affects your dexterity (+5).
   rC:        It renders you almost immune to cold.
   rElec:     It insulates you from electricity.
   SH:        It affects your SH (+5).
 T - the ring "Payhyeph" (right hand) {rPois Dex-5 Slay+4 Stlth+}
   (You found it on level 14 of the Dungeon)

   [ring of slaying]

   Dex:       It affects your dexterity (-5).
   Slay:      It affects your accuracy & damage with ranged weapons and melee
   (+4).
   rPois:     It protects you from poison.
   Stlth:     It makes you more stealthy.
Wands
 u - a wand of paralysis (13)
 v - a wand of roots (21)
 z - a wand of quicksilver (10)
 D - a wand of flame (22)
Scrolls
 h - 2 scrolls of fear
 i - a scroll of blinking
 o - 13 scrolls of identify
 y - 5 scrolls of fog
 E - a scroll of summoning
 G - 7 scrolls of teleportation
 S - 3 scrolls of poison
Potions
 b - a potion of ambrosia
 g - 5 potions of flight
 k - 3 potions of brilliance
 p - 12 potions of curing
 t - 2 potions of lignification
 B - 6 potions of magic
 C - 2 potions of heal wounds
 I - 4 potions of mutation
 Q - 2 potions of might
Miscellaneous
 M - a lightning rod (4/4)
 W - a box of beasts


   Skills:
 - Level 12.7 Fighting
 * Level 15.6(15.7) Axes
 - Level 2.6(10.5) Maces & Flails
 - Level 1.0 Throwing
 - Level 13.6 Armour
 - Level 7.4 Dodging
 * Level 12.9 Shields
 - Level 1.0 Evocations


You had 15 spell levels left.
You didn't know any spells.
Your spell library contained the following spells:

 Spells                   Type           Power      Damage    Failure   Level
 Apportation              Tloc           0%         N/A       58%         1
 Freeze                   Ice            0%         1d3       58%         1
 Magic Dart               Conj           0%         1d3       58%         1
 Necrotise                Necr           0%         1d4       58%         1
 Sting                    Tmut/Pois      0%         1d3       58%         1
 Summon Small Mammal      Summ           0%         N/A       58%         1
 Lesser Beckoning         Tloc           0%         N/A       73%         2
 Poisonous Vapours        Pois/Air       0%         N/A       73%         2
 Searing Ray              Conj           0%         2d4       73%         2
 Frozen Ramparts          Ice            0%         1d1       91%         3
 Gell's Gravitas          Tloc           0%         N/A       91%         3
 Hailstorm                Conj/Ice       0%         3d3       91%         3
 Inner Flame              Hex/Fire       0%         N/A       91%         3
 Ozocubu's Armour         Ice            0%         N/A       91%         3
 Teleport Other           Tloc           0%         N/A       91%         3
 Vhi's Electric Charge    Tloc/Air       0%         N/A       91%         3
 Fulminant Prism          Conj/Hex       0%         3d5       100%        4
 Ice Form                 Ice/Tmut       0%         N/A       100%        4
 Olgreb's Toxic Radiance  Pois           0%         N/A       100%        4
 Alistair's Intoxication  Tmut/Pois      0%         N/A       100%        5
 Arcjolt                  Conj/Air       0%         1d10      100%        5
 Metabolic Englaciation   Hex/Ice        0%         N/A       100%        5
 Yara's Violent Unravell  Hex/Tmut       0%         3d3       100%        5
 Conjure Ball Lightning   Conj/Air       0%         3x3d6     100%        6
 Plasma Beam              Fire/Air       0%         2x1d11    100%        6
 Enfeeble                 Hex            0%         N/A       100%        7
 Ozocubu's Refrigeration  Ice            0%         4d7       100%        7
 Discord                  Hex            0%         N/A       100%        8
 Disjunction              Tloc           0%         N/A       100%        8
 Polar Vortex             Ice            0%         N/A       100%        9
 Simulacrum               Ice/Necr       Unusable   N/A       N/A         6

Dungeon Overview and Level Annotations

Branches:
Dungeon (15/15) Temple (1/1) D:6 Lair (5/5) D:11 Shoals (0/4) Lair:3 Spider (1/4) Lair:2 Orc (2/2) D:10 Elf (0/3) Orc:2 Vaults (0/5) D:13 D:14 Depths (0/4) D:15 IceCv (visited) Slime: Lair:4-5

Altars:
Ashenzari
Cheibriados
Dithmenos
Gozag
Hepliaklqana
Kikubaaqudgha
Makhleb
Nemelex Xobeh
Okawaru
Qazlal
Ru
Sif Muna
Trog
Uskayaw
Vehumet
Wu Jian
Xom
Yredelemnul
Jiyva

Shops:
D:4 =   D:13 (   D:15 [[(   Orc:2 :(((

Annotations:
D:6 exclusion: door
D:8 1 runed translucent door, Grum; zxspectator's ghost, novice GrFi
Lair:2 1 runed translucent door, VerbalBBQ's ghost, journeyman FoFi
Lair:4 exclusion: 2 oklob plants
Spider:1 Rupert
Orc:2 exclusion: 2 upstairs


Innate Abilities, Weirdness & Mutations

You are surrounded by a strong repulsion field. (EV +4, RMsl)
You are completely covered in sharp spines.
You regenerate magic rapidly.
Your touch may inflict irresistible damage on your foes.


Message History

As you read the scroll of teleportation, it crumbles to dust.
You feel strangely unstable.
You radiate an aura of cold.
The sun moth seems to slow down.
The wraith is unaffected.
Rupert resists.
The radroach seems to slow down.
The wraith is unaffected. x2
The radroach seems to slow down.
The torpor snail seems to slow down.
You feel very sick.
Cornered, the sun moth turns to fight!
The sun moth closely misses you. The sun moth attacks as you move away!
You block the sun moth's attack.
You radiate an aura of cold.
The sun moth seems to slow down.
The wraith is unaffected. x2; The radroach resists.
The torpor snail seems to slow down.
The radroach seems to slow down.
Your surroundings suddenly seem different.
A demonic crawler comes into view.
You feel very sick.
You radiate an aura of cold.
The demonic crawler seems to slow down.
You feel yourself speed up.
You feel very sick.
The demonic crawler gives a hideous shriek!
You feel a bit more experienced.
A redback comes into view.
You feel much better.
You feel sick.
You block the demonic crawler's attack. x3
You hit the demonic crawler but do no damage.
You feel sick.
You feel sick.
The demonic crawler is no longer moving slowly.
You block the redback's attack. You block the demonic crawler's attack.
The demonic crawler hits you!
* * * LOW HITPOINT WARNING * * *
You block the demonic crawler's attack. You block the redback's attack.
You slash the redback!
The redback is moderately wounded.
You hit the demonic crawler.
You feel sick. You block the demonic crawler's attack.
The demonic crawler hits you!
* * * LOW HITPOINT WARNING * * *
You block the demonic crawler's attack. The redback misses you.
The demonic crawler is struck by your spines.
The demonic crawler completely misses you.
The demonic crawler hits you!
You die...
Your body crumbles into a pile of gold.

#### #...#
#####....#
##.......#
#..s@s#
....###.##
. ### $


You could see a demonic crawler and a redback.

Vanquished Creatures
  Saint Roka (Orc:2)
  A frost giant (IceCv)
  A fire giant (D:15)
  An ettin (D:10)
  Josephine (Spider:1)
  2 entropy weavers (Spider:1)
  Harold (D:10)
  Fannar (D:11)
  2 ogre magi (D:15)
  A catoblepas (Lair:5)
  Erolcha (Orc:1)
  3 hydras
  An alligator (Lair:3)
  2 centaur warriors (D:14)
  A radroach (Spider:1)
  4 tengu warriors
  5 boulder beetles
  A death knight (D:13)
  Erica (D:8)
  16 death yaks
  A deep troll shaman (Lair:5)
  An orc high priest (Orc:2)
  12 two-headed ogres
  Sonja (D:11)
  A skeletal warrior (D:13)
  A pharaoh ant (Lair:2)
  2 sun moths (Spider:1)
  2 skysharks
  3 swamp dragons (Lair:3)
  Pikel (D:8)
  2 lindwurms
  8 deep elf pyromancers
  4 deep elf zephyrmancers (Orc:1)
  3 orc sorcerers
  10 orc knights
  4 cyclopes
  An oklob plant (Lair:3)
  4 ugly things
  19 elephants
  4 manticores
  A guardian serpent (shapeshifter) (D:15)
  Maurice (D:8)
  An ice statue (IceCv)
  3 black mambas
  2 torpor snails (Lair:5)
  A cane toad (shapeshifter) (D:15)
  14 cane toads
  A freezing wraith (D:13)
  3 kobold demonologists (D:14)
  10 komodo dragons
  An efreet (D:13)
  11 rime drakes
  5 yaktaurs (D:15)
  A tengu conjurer (D:13)
  4 polar bears (IceCv)
  11 trolls
  2 merfolk (Lair:3)
  A queen bee (D:8)
  5 tarantellas
  5 saltlings (Orc:2)
  2 hornets
  Grinder (D:6)
  Prince Ribbit (D:5)
  22 blink frogs
  4 dream sheep
  4 slime creatures (D:13)
  4 jumping spiders
  A culicivora (Spider:1)
  A spriggan (Lair:3)
  4 shadows
  A wyvern (Lair:3)
  16 humans (D:13)
  A fire elemental (Lair:5)
  4 basilisks
  4 wraiths
  79 yaks
  A death yak simulacrum (D:13)
  A steam dragon (Lair:2)
  4 vampire mosquitoes
  3 wargs
  4 swamp worms (Lair:3)
  2 acid dragons
  11 water moccasins
  A water moccasin (shapeshifter) (D:13)
  A swamp drake (Lair:3)
  A sky beast (D:5)
  2 black bears
  17 orc warriors
  16 ogres
  28 wolves
  A centaur (D:8)
  2 phantoms
  3 kobold brigands
  12 bullfrogs
  A gnoll sergeant (D:12)
  2 two-headed ogre simulacra (D:13)
  4 wights
  9 killer bees (D:9)
  A howler monkey (D:9)
  A crimson imp (D:7)
  A lava snake (Lair:5)
  A jelly (D:4)
  7 hounds
  16 orc priests
  A sleepcap (D:4)
  Jessica (D:2)
  6 iguanas
  15 orc wizards
  7 hell rats (Lair:2)
  A spriggan simulacrum (D:13)
  A troll simulacrum (D:13)
  Robin (D:2)
  7 adders
  8 gnolls
  3 naga simulacra (D:13)
  A shadow imp (D:5)
  2 white imps
  An ufetubus (D:6)
  4 worms
  3 dart slugs (D:1)
  41 orcs
  5 ball pythons
  4 bats
  5 endoplasms
  5 giant cockroaches
  12 goblins
  12 hobgoblins
  18 kobolds
  4 quokkas
  3 frilled lizards (D:1)
  7 rats
694 creatures vanquished.

Vanquished Creatures (collateral kills)
  An orc sorcerer (Orc:2)
  A blink frog (Lair:1)
  2 orc warriors (Orc:2)
  An orc (Orc:2)
5 creatures vanquished.

Vanquished Creatures (others)
  A centaur warrior (D:14)
  2 orc priests (Orc:2)
  An orc wizard (Orc:2)
  A butterfly (D:15)
5 creatures vanquished.

Grand Total: 704 creatures vanquished

Notes
Turn   | Place    | Note
-------+----------+-------------------------------------------
     0 | D:1      | Chiseanne the Demonspawn Wanderer began the quest for the
                  | Orb.
     0 | D:1      | Chiseanne set off with the following items: a +0 flail, a
                  | +0 hand axe, a +0 scale mail, a potion of attraction.
     0 | D:1      | Reached XP level 1. HP: 13/13 MP: 1/1
    93 | D:1      | Gained mutation: You are partially covered in sharp spines.
                  | [demonic ancestry]
    93 | D:1      | Reached XP level 2. HP: 13/20 MP: 2/2
   144 | D:1      | Reached skill level 1 in Fighting
   178 | D:1      | Reached skill level 1 in Dodging
   527 | D:1      | Gained mutation: You are surrounded by a mild repulsion
                  | field. (EV +2) [demonic ancestry]
   527 | D:1      | Reached XP level 3. HP: 26/26 MP: 3/3
   824 | D:2      | Noticed Robin
   838 | D:2      | Killed Robin
   839 | D:2      | Reached XP level 4. HP: 28/33 MP: 4/4
   987 | D:2      | Noticed Jessica
  1000 | D:2      | Killed Jessica
  1433 | D:3      | Found an iron altar of Okawaru.
  1533 | D:3      | Gained mutation: Your touch may inflict minor irresistible
                  | damage on your foes. [demonic ancestry]
  1533 | D:3      | Reached XP level 5. HP: 39/39 MP: 5/5
  1892 | D:4      | Noticed a black bear
  1892 | D:4      | Found a snail-covered altar of Cheibriados.
  1898 | D:3      | Killed a black bear
  2003 | D:4      | Reached XP level 6. HP: 47/47 MP: 6/6
  2132 | D:4      | You fall into a shaft and drop 2 floors!
  2143 | D:6      | Found a staircase to the Ecumenical Temple.
  2153 | Temple   | Entered the Ecumenical Temple
  2185 | Temple   | Became a worshipper of Gozag Ym Sagoz the Greedy
  2220 | D:6      | Noticed Grinder
  2240 | D:6      | Killed Grinder
  2241 | D:6      | Gained mutation: You are mostly covered in sharp spines.
                  | [demonic ancestry]
  2241 | D:6      | Reached XP level 7. HP: 43/54 MP: 7/7
  2439 | D:6      | Reached skill level 5 in Armour
  2543 | D:6      | Found a hazy altar of Hepliaklqana.
  2578 | D:6      | Found an ornate altar of the Wu Jian Council.
  2578 | D:6      | Found a radiant altar of Vehumet.
  3127 | D:5      | Entered Level 5 of the Dungeon
  3155 | D:5      | Noticed Prince Ribbit
  3277 | D:5      | Reached skill level 5 in Fighting
  3294 | D:5      | Killed Prince Ribbit
  3295 | D:5      | Gained mutation: You regenerate magic rapidly. [demonic
                  | ancestry]
  3295 | D:5      | Reached XP level 8. HP: 52/62 MP: 8/8
  3344 | D:5      | Reached skill level 5 in Dodging
  3377 | D:5      | Found a shadowy altar of Dithmenos.
  3552 | D:5      | Found a broken altar of Ashenzari.
  3784 | D:4      | Found Miush's Jewellery Shop.
  3788 | D:4      | Bought a +5 ring of evasion for 432 gold pieces
  3988 | D:7      | Found a burning altar of Makhleb.
  4163 | D:7      | Reached XP level 9. HP: 71/71 MP: 9/9
  4639 | D:7      | Found a sacrificial altar of Ru.
  4737 | D:8      | Noticed Pikel
  4756 | D:8      | Killed Pikel
  4794 | D:8      | Noticed Grum
  5134 | D:8      | Found a stormy altar of Qazlal.
  5164 | D:8      | Noticed Maurice
  5182 | D:8      | Noticed Erica
  5184 | D:8      | Killed Maurice
  5197 | D:8      | Killed Erica
  5360 | D:8      | Found a runed translucent door.
  5362 | D:8      | Noticed a cyan ugly thing
  5362 | D:8      | Noticed zxspectator's ghost (novice GrFi)
  5395 | D:8      | Identified a scroll of acquirement
  5395 | D:8      | Acquired a +2 broad axe of venom
  5496 | D:8      | Found a hide-covered altar of Uskayaw.
  5591 | D:8      | Reached skill level 2 in Axes
  5591 | D:8      | Reached XP level 10. HP: 62/80 MP: 10/10
  5968 | D:9      | Reached skill level 3 in Axes
  6565 | D:10     | Entered Level 10 of the Dungeon
  6659 | D:10     | Noticed Harold
  6684 | D:10     | Killed Harold
  6685 | D:10     | Reached skill level 4 in Axes
  6752 | D:10     | Reached skill level 5 in Axes
  6907 | D:10     | Gained mutation: You are surrounded by a moderate repulsion
                  | field. (EV +3) [demonic ancestry]
  6907 | D:10     | Reached XP level 11. HP: 90/90 MP: 11/11
  7042 | D:10     | Found a staircase to the Orcish Mines.
  7486 | D:4      | Bought the amulet "Eteemerr" {Reflect rElec rC+++ Int-4
                  | Dex+5 SH+5} for 973 gold pieces
  7711 | D:11     | Reached skill level 10 in Fighting
  7931 | D:11     | Noticed a purple ugly thing
  7932 | D:11     | Noticed Fannar
  7950 | D:11     | Killed a purple ugly thing
  7951 | D:11     | Reached skill level 6 in Axes
  7951 | D:11     | Reached skill level 10 in Armour
  7951 | D:11     | Killed Fannar
  8252 | D:11     | Found a staircase to the Lair.
  8309 | D:11     | Found an ancient bone altar of Kikubaaqudgha.
  8453 | D:11     | Noticed Sonja
  8457 | D:11     | Killed Sonja
  8634 | D:12     | Noticed a deep elf pyromancer
  8761 | D:12     | Killed a deep elf pyromancer
  8804 | D:12     | Noticed a deep elf pyromancer
  8811 | D:12     | Killed a deep elf pyromancer
  8994 | D:12     | Noticed a cyan ugly thing
  9005 | D:12     | Killed a cyan ugly thing
  9006 | D:12     | Reached skill level 7 in Axes
  9621 | D:13     | Found a frozen archway.
  9621 | D:13     | Noticed a cyan ugly thing
  9635 | D:13     | Noticed a deep elf pyromancer
  9638 | D:13     | Killed a cyan ugly thing
  9775 | D:13     | Killed a deep elf pyromancer
  9776 | D:13     | Reached XP level 12. HP: 94/100 MP: 12/12
  9830 | IceCv    | Entered an ice cave
  9871 | IceCv    | Noticed a death yak
  9883 | IceCv    | Killed a death yak
  9884 | IceCv    | Reached skill level 8 in Axes
  9955 | IceCv    | Noticed a death yak
  9968 | IceCv    | Killed a death yak
  9969 | IceCv    | Noticed a death yak
  9974 | IceCv    | Killed a death yak
 10287 | IceCv    | Noticed a death yak
 10295 | IceCv    | Noticed a death yak
 10299 | IceCv    | Killed a death yak
 10306 | IceCv    | Killed a death yak
 10421 | IceCv    | Noticed a frost giant
 10421 | IceCv    | Noticed a death yak
 10428 | IceCv    | Reached skill level 9 in Axes
 10430 | IceCv    | Killed a frost giant
 10436 | IceCv    | Killed a death yak
 10904 | D:13     | Noticed a boulder beetle
 10916 | D:13     | Killed a boulder beetle
 10989 | D:13     | Reached skill level 1 in Shields
 11108 | D:13     | Gained mutation: You are completely covered in sharp
                  | spines. [demonic ancestry]
 11108 | D:13     | Reached XP level 13. HP: 71/109 MP: 13/13
 12448 | D:4      | Bought a +6 ring of strength for 432 gold pieces
 12643 | D:14     | Found a gate to the Vaults.
 12675 | D:13     | Reached skill level 10 in Axes
 13412 | D:14     | Identified the ring "Payhyeph" {rPois Dex-5 Slay+4 Stlth+}
 13443 | D:14     | Reached skill level 5 in Shields
 14030 | D:15     | Entered Level 15 of the Dungeon
 14132 | D:15     | Found a staircase to the Depths.
 14133 | D:15     | Noticed a fire giant
 14265 | Orc:1    | Entered Level 1 of the Orcish Mines
 14265 | Orc:1    | Noticed an ettin
 14353 | Orc:1    | Paralysed by an orc sorcerer for 2 turns
 14361 | D:10     | Killed an ettin
 14616 | Orc:1    | Reached skill level 11 in Axes
 14733 | Orc:2    | Entered Level 2 of the Orcish Mines
 14917 | Orc:1    | Reached XP level 14. HP: 109/116 MP: 14/14
 15295 | Orc:2    | Paralysed by an orc sorcerer for 3 turns
 15303 | Orc:2    | Noticed Erolcha
 15757 | Orc:1    | Killed Erolcha
 16146 | Orc:2    | Noticed Saint Roka
 17053 | D:15     | Bought the +4 skin of Zhor {*Englaciate rC+++ SInv} for 864
                  | gold pieces
 17053 | D:15     | Found the +4 skin of Zhor {*Englaciate rC+++ SInv}
 17090 | D:15     | Bought a +1 pair of gloves of infusion for 214 gold pieces
 17113 | D:15     | Killed a fire giant
 17313 | D:15     | Reached skill level 12 in Axes
 17856 | Lair:1   | Entered Level 1 of the Lair of Beasts
 18147 | Lair:1   | Identified the +6 dagger of Ceosiceg {freeze, +Blink Str+3}
 18549 | Lair:1   | Reached skill level 13 in Axes
 18800 | Lair:2   | Found a hole to the Spider Nest.
 18939 | Lair:2   | Gained mutation: You are surrounded by a strong repulsion
                  | field. (EV +4, RMsl) [demonic ancestry]
 18939 | Lair:2   | Reached XP level 15. HP: 120/122 MP: 11/15
 18945 | Lair:2   | Found a shimmering altar of Xom.
 19191 | Lair:2   | Noticed VerbalBBQ's ghost (journeyman FoFi)
 19194 | Lair:2   | Found a runed translucent door.
 19477 | Lair:2   | Reached skill level 10 in Shields
 21641 | Lair:3   | Reached skill level 14 in Axes
 21743 | Lair:3   | Found a staircase to the Shoals.
 22542 | Lair:4   | Found a viscous altar of Jiyva.
 23091 | Lair:5   | Entered Level 5 of the Lair of Beasts
 24184 | Lair:5   | Identified the staff of cold "Soogauh" {Drain rElec rPois
                  | rC+ Dex+8}
 24220 | Lair:5   | Reached skill level 15 in Axes
 24816 | D:15     | Bought a warped scale mail for 279 gold pieces
 24816 | D:15     | Identified the +1 scale mail of the Wizarding Gods {rN+
                  | Regen+} (You bought it in a shop on level 15 of the
                  | Dungeon)
 24840 | D:15     | Bought a faintly humming plate armour for 868 gold pieces
 24840 | D:15     | Identified the +0 plate armour of Generosity {Dex+3 Slay+2}
                  | (You bought it in a shop on level 15 of the Dungeon)
 25044 | Orc:2    | Killed Saint Roka
 25045 | Orc:2    | Gained mutation: Your touch may inflict irresistible damage
                  | on your foes. [demonic ancestry]
 25045 | Orc:2    | Reached XP level 16. HP: 42/129 MP: 10/16
 25410 | Orc:2    | Found Athrats's Antique Weapon Shop.
 25413 | Orc:2    | Found Kiniecog's Weapon Shop.
 25587 | Orc:2    | Found Lyasitua's Book Emporium.
 25752 | Orc:2    | Found a staircase to the Elven Halls.
 25826 | Orc:2    | Found Zefofato's Weapon Boutique.
 26018 | Spider:1 | Entered Level 1 of the Spider Nest
 26199 | Spider:1 | Noticed Josephine
 26208 | Spider:1 | Killed Josephine
 26210 | Spider:1 | Noticed Rupert
 26221 | Spider:1 | Slain by a demonic crawler

Illustrated notes

Levels and vault maps discovered:
D:1:      ncdulo_wetmaze, layout_basic
D:2:      layout_rooms, minivault_11, uniq_jessica, uniq_robin
D:3:      layout_rooms, nicolae_overflow_hidden_temple,
          wad_floor_pattern_untrapped, minmay_misc_feat_pillars,
          kennysheep_boxes
D:4:      layout_basic, cheibriados_altar_1, serial_shops, nicolae_shop_trees
D:5:      layout_rooms, grunt_dithmenos_shadows, lemuel_doored_altar,
          uniq_prince_ribbit1
D:6:      layout_basic, nicolae_hepliaklqana_monster_ancestors,
          mainiacjoe_overflow_divided_tiny, minmay_temple_entry_grid,
          hangedman_abyss_or_decor_slice, minmay_crossroads, uniq_grinder
D:7:      layout_basic, hangedman_ru_absence, makhleb_grotto_becter
D:8:      layout_loops_cross, nicolae_uskayaw_dance_hall, amcnicky_altar_gilded,
          ebering_ghost_inner_flame, uniq_erica, uniq_grum, uniq_pikel,
          uniq_maurice
D:9:      layout_irregular_city
D:10:     layout_small_grid, erik_orc_3, uniq_harold
D:11:     layout_basic, lair_entry_dummy, nicolae_kikubaaqudgha_miasma_corner,
          uniq_fannar, uniq_sonja
D:12:     layout_loops_cross, hangedman_decor_slide_cut
D:13:     layout_loops_corners, portal_ice_cave_entry_ice_simulacra
D:14:     layout_irregular_city, david_vaults_3, roderic_three_in_a_row
D:15:     grunt_enter_depths_giant_problem, layout_loops_ring,
          nicolae_elyvilon_peaceful_grove
Temple:   chequers_temple_sunken
Lair:1:   layout_regular_city, grunt_megastairs_3
Lair:2:   layout_roguey, nicolae_spider_entry_lesser_pyramids,
          hellmonk_ghost_happy_afterlife, basic_altar, minmay_hedge_maze,
          grunt_forest_stairs_basic, grunt_megastairs_4
Lair:3:   onia_ninara_swampy_vault, layout_layer_cave, elwin_shoals_entry_rooms,
          grunt_forest_large_clearing_hut, serial_bayou_shore_a
Lair:4:   layout_layer_cave, minmay_slime_entry_oklob_enclosed
Lair:5:   grunt_lair_end_beastmaster, layout_gridlike, lemuel_fruit_fields
Spider:1: layout_spider_delve, nicolae_spider_solar_radiation, uniq_frances,
          uniq_josephine, uniq_rupert
Orc:1:    layout_diamond_mine
Orc:2:    hellmonk_orc_salted, layout_caves, elves_outpost_lemuel,
          uniq_saint_roka, uniq_erolcha

Skill      XL: |  1  2  3  4  5  6  7  8  9 10 11 12 13 14 15 |
---------------+----------------------------------------------+-----
Fighting       | 1 2 3 4 5 6 8 9 11 12 | 12.7
Armour         | 3 4 5 6 8 9 10 12 13 | 13.6
Dodging        | 1 2 3 4 6 7 |  7.4
Axes           | 2 5 7 9 11 13 15 | 15.6
Shields        | 1 5 9 12 | 12.9
Maces & Flails | |  2.6
Throwing       | |  1.0
Evocations     | |  1.0

Action                     |  1- 3 |  4- 6 |  7- 9 | 10-12 | 13-15 | 16-18 || total
---------------------------+-------+-------+-------+-------+-------+-------++-------
  Melee: Flail             |    86 |    95 |     4 |       |       |       ||   185
         Punch             |     2 |       |     2 |     3 |       |       ||     7
         Touch             |       |     6 |    22 |    74 |       |       ||   102
         Rapier            |       |       |   131 |       |       |       ||   131
         Broad axe         |       |       |     3 |   380 |   885 |   127 ||  1395
         Scimitar          |       |       |     1 |    15 |    45 |       ||    61
  Throw: Stone             |       |     2 |       |       |       |       ||     2
         Dart              |       |       |       |     1 |     1 |       ||     2
 Invoke: Call Merchant     |       |       |       |       |     4 |       ||     4
  Evoke: Wand              |       |       |     9 |     4 |     1 |       ||    14
         Lightning rod     |       |       |       |     3 |     4 |       ||     7
    Use: Scroll            |       |     5 |    12 |     6 |    11 |     2 ||    36
         Potion            |       |     1 |     5 |     2 |     2 |     2 ||    12
   Stab: Paralysed         |       |       |     7 |       |       |       ||     7
         Invisible         |       |       |       |     1 |       |       ||     1
         Distracted        |       |       |       |     1 |     9 |       ||    10
         Sleeping          |       |       |       |       |    10 |     3 ||    13
 Armour: Scale mail        |    41 |    34 |    49 |   106 |   134 |       ||   364
         Animal skin       |       |       |       |       |    67 |    14 ||    81
  Dodge: Dodged            |    46 |    54 |   113 |   390 |   529 |    57 ||  1189
         Repelled          |       |       |       |       |     3 |       ||     3
  Block: Other             |       |       |       |    66 |       |       ||    66
         Reflection        |       |       |       |     1 |    23 |     1 ||    25
         Kite shield       |       |       |       |    22 |   848 |   135 ||  1005
